 Dungeon Crawl Stone Soup version 0.28-a0-1002-gf00fe891ef (webtiles) character file.

Game seed: 4253449768150583642

666 ytrimaz the Insei (level 7, -2/46 HPs)
             Began as an Octopode Transmuter on Dec 6, 2021.
             Was a Believer of Dithmenos.
             Slain by an ice beast (14 damage)
             ... on level 5 of the Dungeon.
             The game lasted 00:05:13 (5454 turns).

ytrimaz the Insei (Octopode Transmuter)             Turns: 5454, Time: 00:05:13

Health: -2/46      AC:  2    Str:  9    XL:     7   Next: 57%
Magic:  8/11       EV: 19    Int: 17    God:    Dithmenos [**....]
Gold:   253        SH:  0    Dex: 18    Spells: 8/12 levels left

rFire   . . .      SeeInvis .     - Unarmed
rCold   . . .      Faith    .   (shield currently unavailable)
rNeg    . . .      Spirit   .   (helmet currently unavailable)
rPois   x          Reflect  .   (no amulet)
rElec   .          Harm     .   (no ring)
rCorr   .          Rampage  .   (no ring)
Will    .....                   (no ring)
Stlth   ++........              (no ring)
HPRegen 0.15/turn               (no ring)
MPRegen 0.12/turn               (no ring)
                                (no ring)
                                (no ring)

@: spider-form (expiring), wreathed by umbra
A: venomous fangs, almost no armour, (amphibious), 8 rings, tiny, (camouflage
1), (gelatinous body 1), (nimble swimmer 1), (tentacles)
a: End Transformation, Renounce Religion, Shadow Step


You were on level 5 of the Dungeon.
You worshipped Dithmenos.
Dithmenos was pleased with you.
You were a venomous arachnid creature.
You visited 2 branches of the dungeon, and saw 6 of its levels.

You collected 253 gold pieces.

Inventory:

Jewellery
 e - a ring of resist corrosion
Scrolls
 c - a scroll of teleportation
 f - a scroll of magic mapping
Potions
 a - 4 potions of curing
 b - a potion of invisibility {unknown}
 d - 2 potions of degeneration {unknown}


   Skills:
 * Level 3.1 Fighting
 - Level 2.0 Dodging
 + Level 5.9 Unarmed Combat
 + Level 3.2 Spellcasting
 * Level 3.9 Transmutations
 - Level 0.3 Poison Magic
 * Level 2.6 Invocations


You had 8 spell levels left.
You knew the following spells:

 Your Spells              Type           Power      Damage    Failure   Level
a - Beastly Appendage     Tmut           32%        N/A       12%         1
b - Spider Form           Tmut/Pois      9%         N/A       43%         3

Your spell library contained the following spells:

 Spells                   Type           Power      Damage    Failure   Level
 Wereblood                Tmut           16%        N/A       16%         2
 Foxfire                  Conj/Fire      8%         2x1d4     36%         1
 Conjure Flame            Conj/Fire      2%         6-21      67%         3
 Inner Flame              Hex/Fire       2%         N/A       67%         3
 Ice Form                 Ice/Tmut       9%         N/A       78%         4
 Flame Wave               Conj/Fire      2%         2d4       95%         4


Dungeon Overview and Level Annotations

Branches:
Dungeon (5/15)             Temple (1/1) D:4

Altars:
Ashenzari
Dithmenos
Elyvilon
Gozag
Hepliaklqana
Kikubaaqudgha
Makhleb
Okawaru
Qazlal
Ru
Trog
Uskayaw
Vehumet
Xom
Yredelemnul

Annotations:
D:3 Natasha


Innate Abilities, Weirdness & Mutations

You are a venomous arachnid creature.
You have poisonous fangs.
You are tiny and dextrous.
Your spellcasting is less reliable in this form.
Your armour is entirely melded.
You are incapable of wielding weapons or throwing items.
You cannot wear most types of armour.
((You are amphibious.))
You can wear up to eight rings at the same time.
((Your skin changes colour to match your surroundings (Stealth+).))
((Your rubbery body absorbs attacks. (AC +1, EV +1)))
((You are camouflaged near water. (Stealth+)))
((You have tentacles for arms and can constrict up to eight enemies at once.))


Message History

The ogre is heavily wounded.
The ogre barely misses you.
Casting: Spider Form (quite dangerous; 22% risk of failure)
Confirm with . or Enter, or press ? or * to list all spells.
The spell is quite dangerous to miscast (22% risk of failure)!
Continue anyway?
You turn into a venomous arachnid creature.
The ogre misses you.
Unknown command.
You bite the ogre!
The ogre is poisoned.
The ogre is severely wounded.
The ogre closely misses you.
You bite the ogre!
You kill the ogre!
Dithmenos accepts your kill.
You hit the ice beast.
The ice beast is poisoned.
The ice beast is lightly wounded.
The ice beast barely misses you.
You hit the ice beast but do no damage.
The ice beast is lightly wounded.
The ice beast misses you.
You hit the ice beast.
The ice beast is moderately wounded.
The ice beast misses you.
You hit the ice beast but do no damage.
The ice beast is moderately wounded.
The ice beast hits you. The ice beast freezes you!
You hit the ice beast.
The ice beast looks as sick as possible!
The ice beast is heavily wounded.
The ice beast closely misses you.
You barely miss the ice beast.
The ice beast is heavily wounded.
Your transformation is almost over.
The ice beast completely misses you.
You hit the ice beast.
The ice beast is severely wounded.
The ice beast hits you.
* * * LOW HITPOINT WARNING * * *
The ice beast freezes you!
You die...

.[...........(.##..#
......o.......##..##
.............###..#
........o...# #..##
........o..# ##..#
#.........# #...# #
#........# ##.#### #######
##.....oo####.##..###..##..
#......#oYs.#.#.#..#..#.###
..#...#####....#..#..#†._#
. ##.# ####.#..#..#..### ##
##....##...#...#
#..)...#########
#...........# #...........#
##).........# ############


You could see an ice beast (extremely poisoned) and 3 orcs.

Vanquished Creatures
  2 ogres (D:5)
  A scorpion (D:5)
  A bullfrog zombie (D:5)
  A jelly (D:4)
  A hound (D:4)
  An orc priest (D:4)
  An iguana (D:4)
  2 scorpion zombies (D:4)
  Natasha (twice) (D:3)
  2 hound zombies (D:4)
  A hound skeleton (D:3)
  4 adders
  An adder skeleton (D:5)
  A worm (D:2)
  3 dart slugs
  9 orcs
  9 endoplasms
  6 giant cockroaches
  9 goblins
  5 hobgoblins
  14 jackals
  6 kobolds
  3 quokkas
  5 ball pythons
  6 bats
  2 frilled lizards (D:1)
  5 rats
103 creatures vanquished.

Notes
Turn   | Place    | Note
-------+----------+-------------------------------------------
     0 | D:1      | ytrimaz the Octopode Transmuter began the quest for the
                  | Orb.
     0 | D:1      | Reached XP level 1. HP: 13/13 MP: 3/3
   321 | D:1      | Reached XP level 2. HP: 18/18 MP: 3/5
   806 | D:1      | Reached XP level 3. HP: 18/23 MP: 4/6
   815 | D:1      | Learned a level 3 spell: Spider Form
   893 | D:1      | Found a faded altar of an unknown god.
   908 | D:1      | Prayed at the altar of an unknown god.
   908 | D:1      | Became a worshipper of Dithmenos the Shadowed
   908 | D:1      | Reached * piety under Dithmenos
  1481 | D:2      | Reached XP level 4. HP: 18/29 MP: 7/7
  2070 | D:3      | Reached skill level 4 in Unarmed Combat
  2238 | D:3      | Noticed Natasha
  2252 | D:3      | Killed Natasha
  2466 | D:3      | Reached XP level 5. HP: 19/34 MP: 2/8
  2468 | D:3      | Reached ** piety under Dithmenos
  2746 | D:3      | Noticed Natasha
  2817 | D:3      | Killed Natasha
  2946 | D:3      | Noticed Natasha
  3088 | D:3      | Reached skill level 1 in Invocations
  3516 | D:4      | Found a staircase to the Ecumenical Temple.
  3530 | D:4      | Reached XP level 6. HP: 23/40 MP: 7/10
  3535 | Temple   | Entered the Ecumenical Temple
  3836 | D:4      | Found a radiant altar of Vehumet.
  3963 | D:4      | Found a hazy altar of Hepliaklqana.
  4138 | D:4      | Found a basalt altar of Yredelemnul.
  4149 | D:4      | Reached skill level 5 in Unarmed Combat
  4642 | D:4      | Found a broken altar of Ashenzari.
  4821 | D:5      | Entered Level 5 of the Dungeon
  4990 | D:5      | Reached XP level 7. HP: 43/45 MP: 9/11
  5406 | D:5      | Found a stormy altar of Qazlal.
  5454 | D:5      | Slain by an ice beast

Illustrated notes

Levels and vault maps discovered:
D:1:      dpeg_arrival_simpleton_c, layout_loops_ring,
          chequers_ecumenical_altar_simple_redux, grunt_decor_mini_mirrors,
          st_stairs_3
D:2:      layout_basic
D:3:      layout_basic, minmay_randomly_rotated_circles, uniq_natasha
D:4:      layout_cave_pools, overflow_temple_1_default,
          nicolae_yredelemnul_corpse_copse, nicolae_vehumet_radiance,
          cheibrodos_ashenzari_chains, minmay_temple_entry_proselytizer
D:5:      minmay_chambers_of_threes, layout_cave_pods, marbit_many_paths
Temple:   kb_temple_of_zot

Skill      XL: |  1  2  3  4  5  6  7 |
---------------+----------------------+-----
Unarmed Combat | 4 5 |  5.9
Fighting       | 2 3 |  3.1
Transmutations | 3 |  3.9
Invocations    | 1 2 |  2.6
Spellcasting   | 3 |  3.2
Dodging        | |  2.0
Poison Magic   | |  0.3

Action                   |  1- 3 |  4- 6 |  7- 9 || total
-------------------------+-------+-------+-------++-------
Melee: Unarmed           |   103 |   173 |    27 ||   303
       Constrict         |    27 |    23 |     2 ||    52
       Kick              |    14 |     4 |     3 ||    21
       Tentacles         |    17 |    19 |     1 ||    37
       Punch             |       |     4 |     2 ||     6
 Cast: Beastly Appendage |     8 |     7 |     1 ||    16
       Spider Form       |       |    11 |     2 ||    13
  Use: Potion            |     2 |       |       ||     2
       Scroll            |     2 |     2 |     1 ||     5
 Stab: Sleeping          |     4 |     8 |     2 ||    14
Armor: Skin              |    32 |    11 |       ||    43
Dodge: Dodged            |    77 |   142 |    17 ||   236

Table legend: (Time is in decaauts)
 A = Elapsed time spent in this place.
 B = Non-inter-level travel time spent in this place.
 C = Inter-level travel time spent in this place.
 D = Time resting spent in this place.
 E = Time spent auto-exploring this place.
 F = Levels seen in this place.
 G = Mean time per level.
                   A        B        C        D        E       F      G
               +--------+--------+--------+--------+--------+-----+--------+
         Total |   5422 |   5329 |     93 |    276 |   4202 |   6 |  903.7 |
       Dungeon |   5169 |   5091 |     78 |    276 |   3972 |   5 | 1033.8 |
        Temple |    252 |    237 |     15 |      0 |    230 |   1 |  252.0 |
               +--------+--------+--------+--------+--------+-----+--------+

Top non-repeatable levels by time:
     D:3: 1452 daAuts
     D:1: 1342 daAuts
     D:4: 1046 daAuts
     D:2: 697 daAuts
     D:5: 629 daAuts
  Temple: 252 daAuts
